 Dungeon Crawl Stone Soup version 0.21-a0-582-g1b93aee (webtiles) character file.

28 vishdafish the Charmwright (level 2, -2/22 HPs)
             Began as a Demonspawn Skald on Dec 19, 2017.
             Slain by a wyvern zombie (13 damage)
             ... on level 2 of the Dungeon.
             The game lasted 00:01:16 (1048 turns).

vishdafish the Charmwright (Demonspawn Skald)       Turns: 1048, Time: 00:01:16

Health: -2/22      AC:  3    Str: 11    XL:     2   Next: 96%
Magic:  5/5        EV: 12    Int: 14    God:
Gold:   64         SH:  0    Dex: 12    Spells: 4/5 levels left

rFire    . . .     SeeInvis .   a - +0 spear
rCold    . . .     Gourm    .   (no shield)
rNeg     . . .     Faith    .   b - +0 leather armour
rPois    .         Spirit   .   (no helmet)
rElec    .         Reflect  .   (no cloak)
rCorr    .         Harm     .   (no gloves)
MR       .....                  (no boots)
Stlth    +.........             (no amulet)
HPRegen  0.07/turn              (no ring)
MPRegen  0.09/turn              (no ring)

@: no status effects
A: claws 1
a: no special abilities


You were on level 2 of the Dungeon.
You were not hungry.

You visited 1 branch of the dungeon, and saw 2 of its levels.

You collected 64 gold pieces.

Inventory:

Hand Weapons
 a - a +0 spear (weapon)
Armour
 b - a +0 leather armour (worn)
Jewellery
 m - an uncursed ring of wizardry {unknown}
Scrolls
 g - a scroll of amnesia {unknown}
 i - a scroll of enchant armour {unknown}
 j - a scroll of teleportation {unknown}
 k - a scroll of identify {unknown}
 n - 4 scrolls of immolation {unknown}
Potions
 e - a potion of flight {unknown}
 f - a potion of resistance {unknown}
 h - a potion of degeneration {unknown}
 l - a potion of curing {unknown}
Books
 c - a book of Battle

   Spells                             Type                      Level
   a - Infusion                       Charms                       1
   b - Shroud of Golubria             Charms/Translocation         2
   c - Song of Slaying                Charms                       2
   d - Spectral Weapon                Hexes/Charms                 3
   e - Regeneration                   Charms/Necromancy            3
Comestibles
 d - 4 rations


   Skills:
 + Level 2.2 Fighting
 + Level 2.1 Polearms
 + Level 1.1 Armour
 + Level 2.0 Dodging
 + Level 0.3 Stealth
 + Level 2.2 Spellcasting
 + Level 3.0 Charms


You had 4 spell levels left.
You knew the following spells:

 Your Spells              Type           Power        Failure   Level  Hunger
a - Infusion              Chrm           #...         9%          1    #......


Dungeon Overview and Level Annotations

Branches:
Dungeon (2/15)

Altars:


Innate Abilities, Weirdness & Mutations

You have sharp fingernails.


Message History

You are too injured to fight recklessly!
You are too injured to fight recklessly!
You are too injured to fight recklessly!
You are too injured to fight recklessly!
You are too injured to fight recklessly!
You are too injured to fight recklessly!
You are too injured to fight recklessly!
You are too injured to fight recklessly!
You are too injured to fight recklessly!
You are too injured to fight recklessly!
You are too injured to fight recklessly!
You are too injured to fight recklessly!
You are too injured to fight recklessly!
You are too injured to fight recklessly!
You are too injured to fight recklessly!
The wyvern zombie barely misses you.
You see here an adder corpse.
The wyvern zombie bites you!
Ouch! That really hurt!
You die...

#..........###
#..)...........
.(.###......####
.###...)....#
.......†..####
.####..##.## #..
#..### #)..
##...## #....
###@.# # #...##
##Z# .# ...#
#.###.# #.#...#
#.†.#
#..<#†.....#
###.$.####.#
##..# ...#


You could see a wyvern zombie.

Vanquished Creatures
  An adder (D:2)
  A dart slug (D:1)
  3 goblins
  2 hobgoblins (D:1)
  A kobold (D:1)
  A ball python (D:1)
  4 bats (D:1)
  2 frilled lizards (D:1)
  2 rats (D:2)
17 creatures vanquished.

Notes
Turn   | Place    | Note
-------+----------+-------------------------------------------
     0 | D:1      | vishdafish the Demonspawn Skald began the quest for the Orb.
     0 | D:1      | Reached XP level 1. HP: 16/16 MP: 3/3
   211 | D:1      | Gained mutation: You have sharp fingernails. [demonic ancestry]
   211 | D:1      | Reached XP level 2. HP: 11/22 MP: 5/5
   556 | D:1      | Reached skill level 1 in Armour
   897 | D:2      | Reached skill level 3 in Charms
  1048 | D:2      | Slain by a wyvern zombie

Vault maps used:
D:1:      dpeg_arrival_tiny_c
D:2:      chequers_ecumenical_altar_simple

Skill      XL: |  1  2 |
---------------+-------+-----
Armour         | 1 |  1.1
Polearms       | 2 |  2.1
Dodging        | 2 |  2.0
Charms         | 3 |  3.0
Fighting       | |  2.2
Stealth        | |  0.3
Spellcasting   | |  2.2

Action                   || total
-------------------------++-------
Melee: Spear             ||    69
Armor: Leather armour    ||    22
Dodge: Dodged            ||    30

Table legend:
 A = Spawn XP
 B = Non-spawn XP
 C = Spawn XP percentage of total XP
 D = Spawn monster count
 E = Non-spawn monster count
 F = Spawn count percentage of total count
 G = Total turns spent on level
                    A         B        C        D         E        F      G
               +---------+---------+-------+---------+---------+-------+---------
         Total |       0 |      40 |   0.0 |       0 |      17 |   0.0 |  1048
               +---------+---------+-------+---------+---------+-------+---------
           D:1 |       0 |      23 |   0.0 |       0 |      13 |   0.0 |   874
           D:2 |       0 |      17 |   0.0 |       0 |       4 |   0.0 |   174
               +---------+---------+-------+---------+---------+-------+---------
